 Dungeon Crawl Stone Soup version 0.27.1-1-g398f81649c (webtiles) character file.

Game seed: 17069925329517910695

3791 eagelman13509 the Cutter (level 10, -1/69 HPs)
             Began as a Gnoll Wanderer on Sept 19, 2021.
             Was a Believer of Hepliaklqana.
             Slain by a killer bee (7 damage)
             ... on level 7 of the Dungeon.
             The game lasted 01:13:25 (11350 turns).

eagelman13509 the Cutter (Gnoll Wanderer)          Turns: 11350, Time: 01:13:26

Health: -1/69      AC: 11    Str: 18    XL:     10   Next: 16%
Magic:  17/17      EV: 14    Int: 11    God:    Hepliaklqana [**....]
Gold:   246        SH:  0    Dex: 15    Spells: 17/19 levels left

rFire    . . .     SeeInvis .   D - +2 dagger (elec)
rCold    . . .     Faith    .   (no shield)
rNeg     . . .     Spirit   .   F - +0 acid dragon scales
rPois    .         Reflect  .   B - +0 helmet
rElec    .         Harm     .   z - +0 cloak
rCorr    +         Rampage  .   k - +0 pair of gloves
Will     .....                  (no boots)
Stlth    +++.......             H - amulet of magic regeneration
HPRegen  0.21/turn              C - +6 ring of strength
MPRegen  0.40/turn              I - ring of flight

@: flying
A: reduced essence, fangs 1, strong nose, distributed training
a: Renounce Religion, Recall Ancestor, Ancestor Identity


You were on level 7 of the Dungeon.
You worshipped Hepliaklqana.
Hepliaklqana was pleased with you.
You visited 2 branches of the dungeon, and saw 10 of its levels.
You also visited: Sewer.

You collected 369 gold pieces.
You spent 123 gold pieces at shops.

Inventory:

Hand Weapons
 a - a +2 short sword
 b - a +0 spear
 w - a +1 vorpal flail
 D - a +2 dagger of electrocution (weapon)
Missiles
 f - 32 poisoned darts (quivered)
 h - 278 stones
 y - 8 boomerangs
 J - 2 atropa-tipped darts
Armour
 k - a +0 pair of gloves (worn)
 z - a +0 cloak (worn)
 B - a +0 helmet (worn)
 E - the +5 ring mail of Tenacity {rF+ rCorr MP+9}
   (You found it on level 6 of the Dungeon)

   rF:        It protects you from fire.
   MP:        It affects your magic capacity (+9).
   rCorr:     It protects you from acid and corrosion.
 F - +0 acid dragon scales (worn)
Jewellery
 C - a +6 ring of strength (left hand)
 H - an amulet of magic regeneration (around neck)
 I - a ring of flight (right hand)
Wands
 G - a wand of mindburst (12)
 M - a wand of iceblast (6)
Scrolls
 c - 4 scrolls of teleportation
 g - 12 scrolls of identify
 i - 2 scrolls of brand weapon {unknown}
 j - 3 scrolls of fog
 l - a scroll of immolation {unknown}
 n - a scroll of torment {unknown}
 o - 2 scrolls of blinking
 p - a scroll of noise {unknown}
 t - a scroll of enchant weapon {unknown}
 u - 2 scrolls of magic mapping {unknown}
 x - 3 scrolls of amnesia {unknown}
 L - a scroll of vulnerability {unknown}
Potions
 e - 4 potions of curing
 m - a potion of heal wounds
 q - 2 potions of mutation {unknown}
 r - 2 potions of cancellation
 s - 2 potions of brilliance {unknown}
 v - a potion of resistance {unknown}
 A - a potion of degeneration {unknown}
 K - 3 potions of attraction {unknown}


   Skills:
 + Level 6.9 Fighting
 + Level 6.9 Short Blades
 + Level 5.0 Long Blades
 + Level 5.0 Axes
 + Level 5.0 Maces & Flails
 + Level 5.0 Polearms
 + Level 5.0 Staves
 + Level 5.0 Slings
 + Level 5.7 Bows
 + Level 5.0 Crossbows
 + Level 5.7 Throwing
 + Level 5.7 Armour
 + Level 5.7 Dodging
 + Level 5.6 Stealth
 + Level 5.7 Shields
 + Level 5.0 Unarmed Combat
 + Level 5.0 Spellcasting
 + Level 4.1 Conjurations
 + Level 4.1 Hexes
 + Level 4.1 Summonings
 + Level 4.1 Necromancy
 + Level 4.1 Translocations
 + Level 4.1 Transmutations
 + Level 4.1 Fire Magic
 + Level 4.1 Ice Magic
 + Level 4.1 Air Magic
 + Level 4.1 Earth Magic
 + Level 4.1 Poison Magic
 + Level 5.5 Invocations
 + Level 5.0 Evocations


You had 17 spell levels left.
You knew the following spells:

 Your Spells              Type           Power      Damage    Failure   Level
a - Apportation           Tloc           22%        N/A       4%          1
b - Foxfire               Conj/Fire      44%        2x1d6     4%          1

Your spell library contained the following spells:

 Spells                   Type           Power      Damage    Failure   Level
 Sublimation of Blood     Necr           5%         N/A       8%          2
 Wereblood                Tmut           11%        N/A       8%          2
 Conjure Flame            Conj/Fire      11%        6-21      14%         3
 Gell's Gravitas          Tloc           5%         N/A       14%         3
 Inner Flame              Hex/Fire       11%        N/A       14%         3
 Lesser Beckoning         Tloc           5%         N/A       14%         3
 Teleport Other           Tloc           11%        N/A       14%         3
 Alistair's Intoxication  Tmut/Pois      7%         N/A       80%         5
 Invisibility             Hex            5%         N/A       100%        6
 Summon Hydra             Summ           5%         N/A       100%        7


Dungeon Overview and Level Annotations

Branches:
Dungeon (9/15)             Temple (1/1) D:5           Sewer (visited)
   Lair: D:8-11         Orc: D:9-12

Altars:
Ashenzari
Cheibriados
Dithmenos
Elyvilon
Fedhas
Gozag
Hepliaklqana
Kikubaaqudgha
Makhleb
Nemelex Xobeh
Okawaru
Qazlal
Ru
Sif Muna
Trog
Uskayaw
Vehumet
Wu Jian
Xom
Yredelemnul
Zin
The Shining One

Shops:
D:1 ?   D:3 =*   D:6 =([   D:7 =

Annotations:
D:4 1 runed translucent door, Crazy Yiuf
D:8 2 runed translucent doors


Innate Abilities, Weirdness & Mutations

Your life essence is reduced to manifest your ancestor. (-10% HP)
You have very sharp teeth.
Your uncanny sense of smell can sniff out nearby items.
Your experience applies equally to all skills.


Message History

You are more poisoned.
The killer bee poisons you!
You hit the killer bee.
Lightning courses through the killer bee!!
You kill the killer bee!
You feel sick.
You miss the killer bee.
You feel sick.
You feel sick. The killer bee stings you.
You are more poisoned.
The killer bee poisons you!
You feel very sick.
You feel sick.
The killer bee is no longer moving slowly.
You feel sick. The killer bee completely misses you.
You feel sick.
You feel sick. The killer bee misses you.
You feel sick. The killer bee misses you.
You feel sick. The killer bee closely misses you.
You feel sick. The killer bee stings you.
* * * LOW HITPOINT WARNING * * *
You are more poisoned.
The killer bee poisons you!
You feel sick.
The killer bee stings you but does no damage.
You feel sick. The killer bee barely misses you.
You feel sick. The killer bee closely misses you.
You feel sick.
The killer bee seems less drained.
You feel sick.
The killer bee stings you but does no damage.
You feel sick.
The killer bee stings you but does no damage.
You feel sick.
You are no longer poisoned.
The killer bee completely misses you. The killer bee closely misses you.
The killer bee closely misses you. The killer bee stings you!
* * * LOW HITPOINT WARNING * * *
The killer bee stings you!
You die...

..........# b. #.#
#.### #####.....# b.
##.# #.# #####.....# #.
###..#######..
..........#
#.###............#
#####.....#
........##...##.#
#.....# #.#####.##.....
###.#.#####.##
#..#...## #.#........#
##.##.##
#.#######.@#####.##.###
#.# #..y...#.##.>.## .
#.# #..###.T#.y....#.#
#.#### ##.#
#.###.......# #....#
#.###..#......###
####.# ##.....#.#....##
#.####..###.###T#.##
###.......# #.# #.#.#
#...####..###.# #O#.#


You could see a troll, a killer bee and a bat (asleep).

Vanquished Creatures
  Psyche (D:9)
  A hornet (D:8)
  Menkaure (D:4)
  2 acid dragons
  A water moccasin (D:6)
  An ice beast (D:6)
  An orc warrior (D:9)
  3 black bears
  2 necrophages
  3 ogres
  A centaur (D:7)
  2 phantoms (D:5)
  Blork the orc (D:6)
  A wyvern zombie (D:7)
  2 scorpions
  14 killer bees
  2 howler monkeys (D:9)
  2 hounds
  An orc priest (D:9)
  A bullfrog skeleton (D:6)
  A centaur skeleton (D:5)
  Natasha (thrice) (D:3)
  2 iguanas (D:5)
  4 orc wizards
  2 hound skeletons
  Robin (D:4)
  A howler monkey zombie (D:9)
  10 gnolls
  6 adders
  A shadow imp (D:6)
  An adder skeleton (D:4)
  A worm (D:2)
  A dart slug (D:4)
  14 orcs
  12 ball pythons
  2 bat zombies (D:4)
  5 endoplasms
  4 giant cockroaches
  13 goblins
  12 hobgoblins
  4 jackals (D:4)
  4 kobolds
  2 quokkas
  3 bats
  9 frilled lizards
  8 rats
  3 rat zombies (D:4)
172 creatures vanquished.

Vanquished Creatures (collateral kills)
  2 necrophages (D:7)
  A bullfrog (D:8)
3 creatures vanquished.

Vanquished Creatures (others)
  A hexer (D:7)
  13 foxfires
14 creatures vanquished.

Grand Total: 189 creatures vanquished

Notes
Turn   | Place    | Note
-------+----------+-------------------------------------------
     0 | D:1      | eagelman13509 the Gnoll Wanderer began the quest for the
                  | Orb.
     0 | D:1      | eagelman13509 set off with the following items: a +2 short
                  | sword, a +0 spear, a scroll of teleportation, a +0 robe
     0 | D:1      | Reached XP level 1. HP: 20/20 MP: 1/1
     0 | D:1      | Noticed a shadow dragon
     0 | D:1      | Noticed an ice dragon
     1 | D:1      | Noticed a tentacled monstrosity
     3 | D:1      | Noticed a tentacled monstrosity
     3 | D:1      | Noticed a shadow dragon
     6 | D:1      | Noticed a shadow dragon
     7 | D:1      | Noticed an iron dragon
    10 | D:1      | Noticed a shadow dragon
    10 | D:1      | Noticed a yellow draconian
    12 | D:1      | Noticed a green draconian
    12 | D:1      | Noticed a shadow dragon
    14 | D:1      | Noticed a golden dragon
    14 | D:1      | Noticed a large abomination
    14 | D:1      | Noticed an iron dragon
    16 | D:1      | Noticed an iron dragon
    16 | D:1      | Noticed an orb of fire
    18 | D:1      | Noticed an iron dragon
    18 | D:1      | Noticed a purple draconian
    20 | D:1      | Noticed a large abomination
   271 | D:1      | Reached XP level 2. HP: 24/26 MP: 2/2
   443 | D:1      | Found Ifaphycs's Magic Scroll Shop.
   767 | D:2      | Reached XP level 3. HP: 31/31 MP: 3/3
  1044 | D:2      | Reached skill level 1 in Invocations
  1304 | D:2      | Reached skill level 1 in Long Blades
  1304 | D:2      | Reached skill level 1 in Axes
  1304 | D:2      | Reached skill level 1 in Maces & Flails
  1304 | D:2      | Reached skill level 1 in Polearms
  1304 | D:2      | Reached skill level 1 in Staves
  1304 | D:2      | Reached skill level 1 in Slings
  1304 | D:2      | Reached skill level 1 in Crossbows
  1304 | D:2      | Reached skill level 1 in Unarmed Combat
  1304 | D:2      | Reached skill level 1 in Spellcasting
  1304 | D:2      | Reached skill level 1 in Evocations
  1488 | D:2      | Reached XP level 4. HP: 15/38 MP: 5/5
  1683 | D:2      | Found a faded altar of an unknown god.
  1908 | D:3      | Noticed Natasha
  1914 | D:3      | Killed Natasha
  1915 | D:3      | Reached skill level 1 in Conjurations
  1915 | D:3      | Reached skill level 1 in Hexes
  1915 | D:3      | Reached skill level 1 in Summonings
  1915 | D:3      | Reached skill level 1 in Necromancy
  1915 | D:3      | Reached skill level 1 in Translocations
  1915 | D:3      | Reached skill level 1 in Transmutations
  1915 | D:3      | Reached skill level 1 in Fire Magic
  1915 | D:3      | Reached skill level 1 in Ice Magic
  1915 | D:3      | Reached skill level 1 in Air Magic
  1915 | D:3      | Reached skill level 1 in Earth Magic
  1915 | D:3      | Reached skill level 1 in Poison Magic
  1970 | D:3      | Found Vanayfal's Jewellery Boutique.
  1989 | D:3      | Noticed Natasha
  2078 | D:3      | Killed Natasha
  2079 | D:3      | Reached XP level 5. HP: 36/43 MP: 6/6
  2439 | D:3      | Found Anluwk's General Store.
  2742 | D:4      | Found a glowing drain.
  2811 | Sewer    | Entered a sewer
  3355 | D:3      | Noticed Natasha
  3385 | D:3      | Killed Natasha
  3725 | D:4      | Reached XP level 6. HP: 9/50 MP: 8/8
  4580 | D:4      | Noticed Menkaure
  4607 | D:4      | Learned a level 1 spell: Apportation
  4644 | D:4      | Killed Menkaure
  4645 | D:4      | Reached skill level 5 in Fighting
  4645 | D:4      | Reached skill level 5 in Short Blades
  4871 | D:4      | Found a runed translucent door.
  4872 | D:4      | Noticed Crazy Yiuf
  4964 | D:4      | Noticed Robin
  5234 | D:4      | Killed Robin
  5235 | D:4      | Reached XP level 7. HP: 48/56 MP: 10/10
  5378 | D:4      | Found an ancient bone altar of Kikubaaqudgha.
  6112 | D:1      | Bought a scroll of fog for 26 gold pieces
  6112 | D:1      | Bought a scroll of blinking for 97 gold pieces
  6200 | D:5      | Entered Level 5 of the Dungeon
  6746 | D:5      | Reached XP level 8. HP: 63/63 MP: 12/12
  6781 | D:5      | Found a hide-covered altar of Uskayaw.
  7081 | D:5      | Found a sparkling altar of Nemelex Xobeh.
  7082 | D:5      | Found a stormy altar of Qazlal.
  7099 | D:5      | Found a shimmering blue altar of Sif Muna.
  7099 | D:5      | Found a snail-covered altar of Cheibriados.
  7099 | D:5      | Found a glowing golden altar of the Shining One.
  7100 | D:5      | Found a sacrificial altar of Ru.
  7105 | D:5      | Found a hazy altar of Hepliaklqana.
  7115 | D:5      | Became a worshipper of Hepliaklqana the Forgotten
  7169 | D:5      | Found a staircase to the Ecumenical Temple.
  7482 | Temple   | Entered the Ecumenical Temple
  7752 | D:6      | Found Guegruet's Jewellery Shoppe.
  7814 | D:6      | Identified the +5 ring mail of Tenacity {rF+ rCorr MP+9}
  8310 | D:6      | Found Qyrchy's Antique Weapon Shoppe.
  8359 | D:6      | Learned a level 1 spell: Foxfire
  8399 | D:6      | Reached XP level 9. HP: 54/69 MP: 14/14
  8611 | D:6      | Found Rejuegoa's Antique Armour Emporium.
  8614 | D:6      | Noticed Blork the orc
  8647 | D:6      | Killed Blork the orc
  8755 | D:6      | Found a shadowy altar of Dithmenos.
  8980 | D:7      | Reached * piety under Hepliaklqana
  9059 | D:7      | You are sucked into a shaft and drop 2 floors!
  9059 | D:9      | Noticed Psyche
  9062 | D:9      | Killed Psyche
  9103 | D:9      | Found an ornate altar of the Wu Jian Council.
  9202 | D:9      | Reached skill level 5 in Bows
  9202 | D:9      | Reached skill level 5 in Throwing
  9202 | D:9      | Reached skill level 5 in Armour
  9202 | D:9      | Reached skill level 5 in Dodging
  9202 | D:9      | Reached skill level 5 in Shields
  9308 | D:9      | Reached skill level 5 in Stealth
 10154 | D:8      | Noticed a hornet
 10165 | D:8      | Paralysed by a hornet for 2 turns
 10169 | D:8      | Killed a hornet
 10170 | D:8      | Reached skill level 5 in Invocations
 10900 | D:8      | Reached ** piety under Hepliaklqana
 10902 | D:8      | Remembered your ancestor Londisizwe as a hexer
 10957 | D:8      | Found a runed translucent gate.
 10957 | D:8      | Found a runed translucent gate.
 11105 | D:7      | Reached XP level 10. HP: 69/69 MP: 17/17
 11255 | D:7      | Found Haobaes's Jewellery Emporium.
 11302 | D:7      | Reached skill level 5 in Long Blades
 11302 | D:7      | Reached skill level 5 in Axes
 11302 | D:7      | Reached skill level 5 in Maces & Flails
 11302 | D:7      | Reached skill level 5 in Polearms
 11302 | D:7      | Reached skill level 5 in Staves
 11302 | D:7      | Reached skill level 5 in Slings
 11302 | D:7      | Reached skill level 5 in Crossbows
 11302 | D:7      | Reached skill level 5 in Unarmed Combat
 11302 | D:7      | Reached skill level 5 in Spellcasting
 11302 | D:7      | Reached skill level 5 in Evocations
 11350 | D:7      | Slain by a killer bee

Illustrated notes

Levels and vault maps discovered:
D:1:      shiori_arrival_whats_in_store_for_you, layout_basic, serial_shops,
          shop_statue
D:2:      layout_rooms, shapermc_ecumenical_altar_mp_highgroup, minmay_circle_x
D:3:      layout_basic, serial_shops, nicolae_shop_waterfront,
          nicolae_shop_trees, feat_on_display, uniq_natasha
D:4:      layout_gridville, lemuel_zombie_altar_kikubaaqudgha,
          cheibrodos_sewer_entry_drain, grunt_ministairs_8, uniq_robin,
          uniq_crazy_yiuf_cottage, uniq_menkaure
D:5:      layout_cave_pools, minitemple, lemuel_doored_altar,
          lemuel_temple_firewalk_b, minmay_stone_trees_medium
D:6:      layout_rooms, mainiacjoe_overflow_tiny_flanked, serial_shops,
          nicolae_stop_n_shop_1, shop_statue, nicolae_stop_n_shop_2,
          minmay_misc_feat_square, uniq_blork_the_orc
D:7:      layout_loops_ring, serial_shops, nicolae_shop_behind_doors,
          kennysheep_minor_cross, roderic_batcave, minmay_starry_boxes,
          uniq_maggie
D:8:      layout_loops_ring, gammafunk_ghost_nasty_kobolds, serial_bayou_pond_a,
          minmay_curled_crystal
D:9:      layout_cave_pools, marbit_many_paths, serial_co_window_serial,
          co_window_paths_a, co_window_paths_b, co_window_paths_b,
          co_window_paths_b, co_window_paths_b, co_window_of_opportunity_b,
          co_window_broadway_c, co_window_corner_b, co_window_corner_b,
          glass_columns_b, glass_columns_c, glass_columns_a, glass_columns_a,
          glass_columns_a, uniq_psyche
Temple:   minmay_temple_curvy_loop

Skill      XL: |  1  2  3  4  5  6  7  8  9 10 |
---------------+-------------------------------+-----
Invocations    | 1 2 3 4 5 |  5.5
Long Blades    | 1 2 3 4 5 |  5.0
Axes           | 1 2 3 4 5 |  5.0
Maces & Flails | 1 2 3 4 5 |  5.0
Polearms       | 1 2 3 4 5 |  5.0
Staves         | 1 2 3 4 5 |  5.0
Slings         | 1 2 3 4 5 |  5.0
Crossbows      | 1 2 3 4 5 |  5.0
Unarmed Combat | 1 2 3 4 5 |  5.0
Spellcasting   | 1 2 3 4 5 |  5.0
Evocations     | 1 2 3 4 5 |  5.0
Conjurations   | 1 2 3 4 |  4.1
Hexes          | 1 2 3 4 |  4.1
Summonings     | 1 2 3 4 |  4.1
Necromancy     | 1 2 3 4 |  4.1
Translocations | 1 2 3 4 |  4.1
Transmutations | 1 2 3 4 |  4.1
Fire Magic     | 1 2 3 4 |  4.1
Ice Magic      | 1 2 3 4 |  4.1
Air Magic      | 1 2 3 4 |  4.1
Earth Magic    | 1 2 3 4 |  4.1
Poison Magic   | 1 2 3 4 |  4.1
Bows           | 3 4 5 |  5.7
Throwing       | 3 4 5 |  5.7
Armour         | 3 4 5 |  5.7
Dodging        | 3 4 5 |  5.7
Shields        | 3 4 5 |  5.7
Stealth        | 3 4 5 |  5.6
Fighting       | 5 6 |  6.9
Short Blades   | 5 6 |  6.9

Action                   |  1- 3 |  4- 6 |  7- 9 | 10-12 || total
-------------------------+-------+-------+-------+-------++-------
Melee: Short sword       |    94 |   259 |   192 |       ||   545
       Bite              |     9 |    20 |    38 |     2 ||    69
       Dagger            |       |       |   172 |    44 ||   216
       Punch             |       |       |     3 |     2 ||     5
Throw: Dart              |       |     1 |    48 |     1 ||    50
 Cast: Foxfire           |       |       |     9 |       ||     9
Invok: Recall Ancestor   |       |       |     1 |       ||     1
       Ancestor Life: He |       |       |     1 |       ||     1
       Ancestor Identity |       |       |     1 |       ||     1
  Use: Scroll            |       |     3 |       |       ||     3
       Potion            |       |     2 |       |     1 ||     3
 Stab: Sleeping          |     7 |     3 |     3 |       ||    13
       Confused          |       |       |     1 |       ||     1
       Distracted        |       |       |       |     3 ||     3
Armor: Robe              |    14 |    22 |    34 |       ||    70
       Skin              |       |       |     3 |       ||     3
       Acid dragon scale |       |       |    39 |    17 ||    56
Dodge: Dodged            |    44 |   141 |   181 |    36 ||   402
